 Dungeon Crawl Stone Soup version 0.26.1-2-gb8aa6d0 (webtiles) character file.

Game seed: 808078728235894220

1322 Geeful the Scholar of Death (level 8, 0/58 HPs)
             Began as a Demonspawn Necromancer on June 30, 2021.
             Was a Follower of Kikubaaqudgha.
             Killed by vampiric draining
             ... invoked by a vampire
              (5 damage)
             ... on level 6 of the Dungeon.
             The game lasted 00:33:22 (7200 turns).

Geeful the Scholar of Death (DsNe)                  Turns: 7200, Time: 00:33:23

Health: 0/58       AC:  8    Str:  8    XL:     8   Next: 33%
Magic:  7/15       EV: 15    Int: 18    God:    Kikubaaqudgha [*.....]
Gold:   307        SH:  0    Dex: 15    Spells: 1/16 levels left

rFire    . . .     SeeInvis .   f - +2 spear (flame)
rCold    + . .     Faith    .   (no shield)
rNeg     . . .     Spirit   .   r - +1 leather armour {Will+}
rPois    .         Reflect  .   (no helmet)
rElec    .         Harm     .   (no cloak)
rCorr    .         Rampage  .   o - +0 pair of gloves
Will     +....                  l - +2 pair of boots
Stlth    ++........             p - amulet of regeneration
HPRegen  0.59/turn              (no ring)
MPRegen  0.14/turn              (no ring)

@: no status effects
A: claws 1, cold resistance 1, powered by pain 1, freezing cloud immunity,
sturdy frame 2
a: Renounce Religion, Receive Corpses


You were on level 6 of the Dungeon.
You worshipped Kikubaaqudgha.
Kikubaaqudgha was aware of your devotion.
You visited 2 branches of the dungeon, and saw 7 of its levels.

You collected 307 gold pieces.

Inventory:

Hand Weapons
 b - a +2 dagger of draining
 f - a +2 spear of flaming (weapon)
 s - a +1 scimitar of electrocution
 u - a +0 war axe of freezing
Armour
 l - a +2 pair of boots (worn)
 o - a +0 pair of gloves (worn)
 r - a +1 leather armour of willpower (worn)
Jewellery
 e - an uncursed ring of fire
 p - an amulet of regeneration (around neck)
Scrolls
 c - 3 scrolls of blinking
 k - a scroll of remove curse
 q - 2 scrolls of teleportation {unknown}
 t - 2 scrolls of identify
Potions
 a - a potion of heal wounds {unknown}
 d - a potion of invisibility
 g - 2 potions of curing
 h - 2 potions of attraction {unknown}
 i - 3 potions of mutation {unknown}
 j - a potion of haste {unknown}
 m - 2 potions of lignification
 n - a potion of might {unknown}
 v - a potion of ambrosia {unknown}


   Skills:
 + Level 3.3 Fighting
 + Level 2.4 Armour
 + Level 4.7 Dodging
 - Level 3.6 Stealth
 + Level 4.7 Spellcasting
 + Level 6.9 Necromancy


You had one spell level left.
You knew the following spells:

 Your Spells              Type           Power        Failure   Level
a - Pain                  Necr           100%         1%          1
b - Sublimation of Blood  Necr           14%          1%          2
c - Vampiric Draining     Necr           14%          2%          3
d - Animate Dead          Necr           14%          8%          4
e - Agony                 Necr           29%          22%         5

Your spell library contained the following spells:

 Spells                   Type           Power        Failure   Level
 Animate Skeleton         Necr           58%          1%          1


Dungeon Overview and Level Annotations

Branches:
Dungeon (6/15)             Temple (1/1) D:5

Altars:
Ashenzari
Elyvilon
Hepliaklqana
Kikubaaqudgha
Nemelex Xobeh
Okawaru
Qazlal
Ru
Uskayaw
Wu Jian
Xom
Yredelemnul

Annotations:
D:4 exclusion: downstairs


Innate Abilities, Weirdness & Mutations

You have sharp fingernails.
Your flesh is cold resistant. (rC+)
You sometimes gain a little power by taking damage.
You are immune to freezing clouds.
Your movements are less encumbered by armour. (ER -4)


Message History

Your hornet zombie barely misses something.
You closely miss something.
Your hornet zombie completely misses something.
Something hits you but does no damage. Something bites you!
Something draws strength from your injuries!
You hit something. You burn something.
Your hornet zombie hits something!
Something closely misses your hornet zombie.
Something bites your hornet zombie.
Your hornet zombie hits something but does no damage.
You barely miss something.
Unholy energy fills the air.
* * * LOW HITPOINT WARNING * * *
Your hornet zombie hits something!
You swap places.
Something completely misses you. Something bites you!
* * * LOW HITPOINT WARNING * * *
Something draws strength from your injuries!
There is a stone staircase leading up here.
You see here a +0 hand axe.
Unholy energy fills the air.
You die...
Kikubaaqudgha rasps: "You have failed me!
Welcome... death!"

..# #.# ..## ###.#### ....#
####......# #...# #.......#.#
#...# ######.##.#..#.# #...#
.....#.##....#.######...#####
.....#.##.##(#.#Z............
..#.............@{...........
.....##......))#ZZ...........
.....##...###.#####.#....####
#######...###.# #.#....#
#...)##.# #.#....# #..#.##.#
#.#....## #.......#.#
#.......#
#.#.......#####.......#
#.##............##.....


You could see a friendly frilled lizard zombie, a friendly hornet zombie and a
friendly hobgoblin zombie.

Vanquished Creatures
  Eustachio (D:4)
  Menkaure (D:5)
  A water moccasin (D:6)
  Duvessa (D:5)
  Blork the orc (D:4)
  A jelly (D:5)
  Dowan (D:5)
  A bullfrog zombie (D:5)
  A hound (D:5)
  A bullfrog skeleton (D:5)
  2 orc priests
  An iguana (D:5)
  2 orc wizards
  3 worker ants
  A hound zombie (D:5)
  A worker ant zombie (D:5)
  6 gnolls (D:5)
  9 adders
  3 shadow imps (D:5)
  An ufetubus (D:6)
  An adder skeleton (D:4)
  A worm (D:2)
  3 dart slugs
  5 leopard geckos
  10 orcs
  2 ball pythons (D:2)
  10 bats
  4 giant cockroaches
  9 hobgoblins
  11 jackals
  7 kobolds
  A quokka (D:5)
  5 frilled lizards
  10 goblins
  A leopard gecko zombie (D:6)
  2 quokka skeletons
  7 rats
128 creatures vanquished.

Vanquished Creatures (collateral kills)
  An ogre (D:6)
1 creature vanquished.

Grand Total: 129 creatures vanquished

Notes
Turn   | Place    | Note
-------+----------+-------------------------------------------
     0 | D:1      | Geeful the Demonspawn Necromancer began the quest for the
                  | Orb.
     0 | D:1      | Reached XP level 1. HP: 13/13 MP: 3/3
   353 | D:1      | Gained mutation: Your flesh is cold resistant. (rC+)
                  | [demonic ancestry]
   353 | D:1      | Reached XP level 2. HP: 17/19 MP: 3/5
  1027 | D:1      | Reached XP level 3. HP: 22/24 MP: 3/6
  2326 | D:2      | Gained mutation: Your movements are slightly less
                  | encumbered by armour. (ER -2) [demonic ancestry]
  2326 | D:2      | Reached XP level 4. HP: 25/30 MP: 1/7
  2625 | D:3      | Reached skill level 5 in Necromancy
  3007 | D:3      | Gained mutation: You sometimes gain a little power by
                  | taking damage. [demonic ancestry]
  3007 | D:3      | Reached XP level 5. HP: 31/35 MP: 4/9
  3803 | D:4      | Noticed Blork the orc
  3819 | D:4      | Killed Blork the orc
  3820 | D:4      | Gained mutation: You are immune to freezing clouds.
                  | [demonic ancestry]
  3820 | D:4      | Reached XP level 6. HP: 37/41 MP: 1/11
  4363 | D:4      | Noticed Eustachio
  4382 | D:4      | Killed Eustachio
  4383 | D:4      | Reached skill level 1 in Fighting
  4584 | D:5      | Entered Level 5 of the Dungeon
  4584 | D:5      | Noticed Duvessa
  4584 | D:5      | Noticed Dowan
  4767 | D:5      | Gained mutation: Your movements are less encumbered by
                  | armour. (ER -4) [demonic ancestry]
  4767 | D:5      | Reached XP level 7. HP: 34/48 MP: 12/12
  5055 | D:5      | Reached skill level 6 in Necromancy
  5157 | D:5      | Found a staircase to the Ecumenical Temple.
  5166 | Temple   | Entered the Ecumenical Temple
  5304 | Temple   | Became a worshipper of Kikubaaqudgha
  5460 | D:5      | Killed Duvessa
  5461 | D:5      | Reached skill level 1 in Armour
  5562 | D:5      | Killed Dowan
  6347 | D:5      | Noticed Menkaure
  6350 | D:5      | Reached * piety under Kikubaaqudgha
  6350 | D:5      | Identified Kikubaaqudgha's Tome of Black Secrets
                  | (Kikubaaqudgha gifted it to you on level 5 of the Dungeon)
  6350 | D:5      | Received a gift from Kikubaaqudgha
  6353 | D:5      | Killed Menkaure
  6354 | D:5      | Gained mutation: You have sharp fingernails. [demonic
                  | ancestry]
  6354 | D:5      | Reached XP level 8. HP: 45/57 MP: 9/14
  6387 | D:5      | Learned a level 2 spell: Sublimation of Blood
  6391 | D:5      | Learned a level 3 spell: Vampiric Draining
  6396 | D:5      | Learned a level 4 spell: Animate Dead
  6402 | D:5      | Learned a level 5 spell: Agony
  7200 | D:6      | Killed from afar by a vampire

Illustrated notes

Levels and vault maps discovered:
D:1:      lemuel_arrival_cross, layout_basic
D:2:      minmay_alternating_diamond, layout_basic, corexii_leaking_fountain,
          kennysheep_generic_room_5
D:3:      layout_rooms, serial_forest, infiniplex_forest_lined_room_3,
          infiniplex_forest_end_1, infiniplex_forest_clump_small,
          infiniplex_forest_diagonal, infiniplex_forest_straight_2,
          infiniplex_forest_straight_3
D:4:      layout_basic, uniq_blork_the_orc, uniq_eustachio
D:5:      layout_gridville, minmay_temple_entry_waves, uniq_duvessa,
          uniq_menkaure
D:6:      layout_loops_cross
Temple:   roderic_octagonal_lattice_temple

Skill      XL: |  1  2  3  4  5  6  7  8 |
---------------+-------------------------+-----
Stealth        | 2 3 |  3.6
Dodging        | 2 3 4 |  4.7
Necromancy     | 5 6 |  6.9
Spellcasting   | 3 4 |  4.7
Fighting       | 1 2 3 |  3.3
Armour         | 1 2 |  2.4

Action                   |  1- 3 |  4- 6 |  7- 9 || total
-------------------------+-------+-------+-------++-------
Melee: Dagger            |    42 |       |       ||    42
       Spear             |       |    65 |    66 ||   131
 Cast: Pain              |    81 |    80 |    98 ||   259
       Animate Dead      |       |       |     4 ||     4
       Sublimation of Bl |       |       |     1 ||     1
Invok: Receive Corpses   |       |       |     2 ||     2
  Use: Potion            |     2 |     1 |       ||     3
       Scroll            |     1 |     6 |     1 ||     8
 Stab: Sleeping          |     3 |     3 |     2 ||     8
       Invisible         |     1 |       |       ||     1
Armor: Robe              |    23 |    20 |       ||    43
       Leather armour    |       |       |    29 ||    29
Dodge: Dodged            |    54 |    69 |    82 ||   205
